 Dungeon Crawl Stone Soup version 0.29-a0-998-g1987434951 (webtiles) character file.

Game seed: 9997260209123181005

105 BritishOli the Ducker (level 4, 34/34 HPs)
             Began as a Demonspawn Gladiator on Aug 5, 2022.
             Got out of the dungeon alive.
             The game lasted 00:02:20 (2588 turns).

BritishOli the Ducker (Demonspawn Gladiator)        Turns: 2588, Time: 00:02:20

Health: 34/34      AC:  6    Str: 17    XL:     4   Next: 54%
Magic:  4/4        EV: 12    Int:  9    God:
Gold:   128        SH:  5    Dex: 14    Spells: 3/3 levels left

rFire   . . .      SeeInvis .   a - +0 long sword
rCold   . . .      Faith    .   (no shield)
rNeg    . . .      Spirit   .   w - +0 ring mail
rPois   .          Reflect  +   c - +0 helmet
rElec   .          Harm     .   (no cloak)
rCorr   .          Rampage  .   (no gloves)
Will    .....                   (no boots)
Stlth   +.........              n - amulet of reflection
HPRegen 0.11/turn               (no ring)
MPRegen 0.09/turn               (no ring)

@: no status effects
A: claws 1
a: no special abilities


You escaped.
You visited 1 branch of the dungeon, and saw 3 of its levels.

You collected 128 gold pieces.

Inventory:

Hand Weapons
 a - a +0 long sword (weapon)
Missiles
 d - 3 throwing nets (quivered)
 e - a javelin
Armour
 b - a +0 leather armour
 c - a +0 helmet (worn)
 w - a +0 ring mail (worn)
Jewellery
 m - a ring of willpower
 n - an amulet of reflection (around neck)
Scrolls
 f - a scroll of teleportation {unknown}
 g - a scroll of fear {unknown}
 i - a scroll of vulnerability {unknown}
 k - a scroll of poison {unknown}
 l - a scroll of enchant weapon {unknown}
 p - 2 scrolls of identify {unknown}
Potions
 h - a potion of lignification {unknown}
 j - a potion of magic {unknown}
 o - a potion of mutation {unknown}
 q - 2 potions of might {unknown}
 r - a potion of degeneration {unknown}
 s - a potion of attraction {unknown}
 t - a potion of curing {unknown}
 u - a potion of haste {unknown}
 v - a potion of brilliance {unknown}
 x - 2 potions of heal wounds {unknown}
 z - a potion of cancellation {unknown}
 A - a potion of flight {unknown}


   Skills:
 + Level 2.9 Fighting
 + Level 3.3 Long Blades
 + Level 2.6 Throwing
 + Level 3.4 Dodging


You had 3 spell levels left.
You didn't know any spells.
Your spell library contained the following spells:

 Spells                   Type           Power      Damage    Failure   Level
 Sandblast                Erth           0%         2d4       58%         1
 Summon Small Mammal      Summ           0%         N/A       58%         1
 Passwall                 Tmut/Erth      0%         N/A       75%         2
 Call Canine Familiar     Summ           0%         N/A       92%         3
 Stone Arrow              Conj/Erth      0%         3d7       92%         3
 Summon Guardian Golem    Hex/Summ       0%         N/A       92%         3


Dungeon Overview and Level Annotations

Branches:
Dungeon (3/15)

Altars:


Innate Abilities, Weirdness & Mutations

You have sharp fingernails.


Message History

You kill the rat!
No target in view!
No target in view!
You hear the rapid rusting of a drain.
You hear the rapid rusting of a drain.
You hear the rapid rusting of a drain very nearby.
You hear the drain falling apart.
There is a stone staircase leading up here.
The walls and floor vibrate strangely for a moment.
A rat comes into view.
You slash the rat!
You kill the rat!
No target in view!
There is a stone staircase leading up here.
(D) Dungeon
Where to? (Enter - D:3 @ (x,y), ? - help)
There is a stone staircase leading up here.
You climb upwards.
There is a stone staircase leading down here.
(D) Dungeon
Where to? (Enter - D:2, ? - help)
You see here a +0 dagger.
There is a stone staircase leading down here.
There is a stone staircase leading up, spattered with blood here.
You see here a +0 ring mail.
You climb upwards.
There is a stone staircase leading down here.
(D) Dungeon
Where to? (Enter - D:1, ? - help)
Okay, then.
(D) Dungeon
Where to? (Enter - D:1, ? - help)
Okay, then.
You enter the shallow water.
Moving in this stuff is going to be slow.
You enter the shallow water.
Moving in this stuff is going to be slow.
There is a staircase leading out of the dungeon here.
Are you sure you want to leave the Dungeon?
This will make you lose the game!
You have escaped!

###......##...#.#.#........>.....
#...#######......................
#.### ###########...##....... #.#
##~~~~~~~~.8..##÷...... #.#
###~~.....~~~.#.##....... #.#
#.#~..~~~..~~.#.......... ..#
#.#..~~~~~..~.#.##....... ###
##.#.~~...~~.~.+.#........
#..'.~..~@~..~.+..........
########..'.~.~~...~~.##...#.....
..........#.~..~~~~~..##...######
########..#.~~..~~~..~##...#
########..#.~~~.....~~##...######
...........8.~~~~~~~~##......†...
########....############...######
#..........# ##### ############


There were no monsters in sight!

Vanquished Creatures
  2 adders (D:2)
  3 worms
  3 dart slugs
  4 orcs (D:3)
  6 ball pythons
  8 endoplasms
  A giant cockroach (D:1)
  6 goblins
  8 hobgoblins
  4 kobolds (D:2)
  2 quokkas (D:1)
  5 bats
  5 frilled lizards
  7 rats
64 creatures vanquished.

Notes
Turn   | Place    | Note
-------+----------+-------------------------------------------
     0 | D:1      | BritishOli the Demonspawn Gladiator began the quest for the
                  | Orb.
     0 | D:1      | Reached XP level 1. HP: 16/16 MP: 1/1
   234 | D:1      | Gained mutation: You have sharp fingernails. [demonic
                  | ancestry]
   234 | D:1      | Reached XP level 2. HP: 22/22 MP: 2/2
   837 | D:2      | Reached XP level 3. HP: 25/28 MP: 3/3
  1350 | D:2      | Reached XP level 4. HP: 31/34 MP: 4/4
  1820 | D:3      | Found a faded altar of an unknown god.
  2369 | D:3      | Found a glowing drain.
  2588 | D:$      | Got out of the dungeon alive.

Illustrated notes

Levels and vault maps discovered:
D:1:      psy_arrival_whirlpool, layout_rooms, minmay_cut_off
D:2:      layout_loops_ring
D:3:      layout_loops_ring, shapermc_ecumenical_altar_venn,
          portal_sewer_entry_b, grunt_decor_arrowhead

Skill      XL: |  1  2 |
---------------+-------+-----
Throwing       | 2 |  2.6
Dodging        | 3 |  3.4
Long Blades    | 3 |  3.3
Fighting       | |  2.9

Action                   |  1- 3 |  4- 6 || total
-------------------------+-------+-------++-------
Melee: Long sword        |   135 |    71 ||   206
       Punch             |     1 |       ||     1
 Stab: Sleeping          |     1 |       ||     1
Armor: Leather armour    |    47 |     4 ||    51
       Ring mail         |       |    12 ||    12
Dodge: Dodged            |   102 |    28 ||   130
Block: Other             |    19 |    11 ||    30

Table legend: (Time is in decaauts)
 A = Elapsed time spent in this place.
 B = Non-inter-level travel time spent in this place.
 C = Inter-level travel time spent in this place.
 D = Time resting spent in this place.
 E = Time spent auto-exploring this place.
 F = Levels seen in this place.
 G = Mean time per level.
                   A        B        C        D        E       F      G
               +--------+--------+--------+--------+--------+-----+--------+
         Total |   2646 |   2513 |    133 |    218 |   1829 |   3 |  882.0 |
       Dungeon |   2646 |   2513 |    133 |    218 |   1829 |   3 |  882.0 |
               +--------+--------+--------+--------+--------+-----+--------+

Top non-repeatable levels by time:
     D:2: 1134 daAuts
     D:1: 762 daAuts
     D:3: 749 daAuts
